 Dungeon Crawl Stone Soup version 0.17.0-73-gb648821 (console) character file.

28811 Kloppie the Bludgeoner (level 13, -3/117 HPs)
             Began as a Minotaur Fighter on Dec 10, 2015.
             Was an Elder of the Shining One.
             Killed from afar by a manticore (9 damage)
             ... with a volley of spikes
             ... summoned by Kirke
             ... on level 4 of the Lair of Beasts.
             The game lasted 00:26:54 (17344 turns).

Kloppie the Bludgeoner (Minotaur Fighter)          Turns: 17344, Time: 00:26:54

Health: -3/117     AC:  0    Str: 22    XL:     13   Next: 11%
Magic:  12/12      EV:  8    Int:  5    God:    the Shining One [****..]
Gold:   1024       SH:  0    Dex: 14    Spells: 0 memorised, 12 levels left

rFire  . . .     SeeInvis .     (weapon currently unavailable)
rCold  . . .     Clarity  .     (armour currently unavailable)
rNeg   + + .     SustAt   .     (shield currently unavailable)
rPois  .         Gourm    .     (helmet currently unavailable)
rElec  .         Spirit   .     (cloak currently unavailable)
rCorr  +         Warding  .     (gloves currently unavailable)
rMut   .         Stasis   .     (boots currently unavailable)
MR     .....                    B - amulet of resist corrosion
Stlth  +.........               (ring currently unavailable)
                                (ring currently unavailable)

@: pig-form, manticore barbs, very slightly contaminated, glowing, very quick,
not resistant to hostile enchantments, very unstealthy
A: (retaliatory headbutt), (horns 0)
a: Divine Shield, Cleansing Flame, Renounce Religion


You were on level 4 of the Lair of Beasts.
You worshipped the Shining One.
The Shining One was greatly pleased with you.
You were not hungry.
You were a filthy swine.
You visited 2 branches of the dungeon, and saw 15 of its levels.
You also visited: Ice Cave.

You collected 1024 gold pieces.

Inventory:

Hand Weapons
 a - a +1 morningstar of flaming (melded)
 E - a +0 flail
Armour
 c - a +0 shield (melded)
 n - a +1 pair of boots (melded)
 x - a +1 hat of see invisible (melded)
 y - a +0 chain mail (melded)
 F - a +0 cloak (melded)
 H - a +0 plate armour
 R - the +5 scale mail of Amorality {rN+++ MP+9 Int-3 Dex-2}
   (You found it on level 3 of the Lair of Beasts)

   It affects your intelligence (-3).
   It affects your dexterity (-2).
   It renders you almost immune to negative energy.
   It affects your magic capacity (+9).
Jewellery
 k - a ring of protection from cold (melded)
 s - a +2 ring of slaying (melded)
 B - an amulet of resist corrosion (around neck)
 P - an uncursed ring of stealth
Wands
 b - a wand of frost (12)
 v - a wand of teleportation (4)
 J - a wand of confusion (18)
 Q - a wand of lightning (9)
 T - a wand of frost (30)
Scrolls
 d - 3 scrolls of teleportation
 i - 3 scrolls of enchant weapon
 q - a scroll of noise {unknown}
 u - 3 scrolls of remove curse
 C - a scroll of fog
 I - a scroll of immolation
 M - 4 scrolls of identify
Potions
 g - 2 potions of flight
 o - a potion of mutation
 p - a potion of resistance
 r - 2 potions of magic
 t - 8 potions of curing
 w - 2 potions of cure mutation
 z - a potion of might
 A - a potion of lignification
 G - 4 potions of brilliance
 K - a potion of agility
 L - 2 potions of haste
 N - a potion of cancellation
Books
 O - a book of Annihilations

   Spells                             Type                      Level
   a - Poison Arrow                   Conjuration/Poison           6
   b - Chain Lightning                Conjuration/Air              8
   c - Lehudib's Crystal Spear        Conjuration/Earth            8
   d - Glaciate                       Conjuration/Ice              9
   e - Fire Storm                     Conjuration/Fire             9
Comestibles
 e - 8 bread rations
 f - a royal jelly
 h - 6 meat rations
 j - 2 slices of pizza
 l - 7 beef jerkies
 m - 3 fruits


   Skills:
 - Level 11.9 Fighting
 + Level 16.0 Maces & Flails
 - Level 9.0 Armour
 - Level 15.2 Shields


You had 12 spell levels left.
You didn't know any spells.

Dungeon Overview and Level Annotations

Branches:
Dungeon (10/15)            Temple (0/1) D:6            Lair (5/8) D:10
 Shoals (0/4) Lair:3          Orc (0/4) D:9
  Snake: Lair:3-6    Spider: Lair:3-6

Altars:
Ashenzari
Dithmenos
Fedhas
Gozag
Makhleb
Qazlal
Sif Muna
Trog
Xom
Zin
The Shining One

Annotations:
Lair:4 exclusion: oklob plant, Kirke


Innate Abilities, Weirdness & Mutations

((You reflexively headbutt those who attack you in melee.))
((You have a pair of horns on your head.))


Message History

The manticore claws you!
* * * LOW HITPOINT WARNING * * *
The manticore claws you!
* * * LOW HITPOINT WARNING * * *
You climb upwards.
Level annotation: exclusion: oklob plant
There is a stone staircase leading down, spattered with blood here.
Read which item? (? for menu, Esc to quit)
Blink to where?
Press: ? - help, Dir - move target cursor You are very lightly contaminated with residual magic.
As you read the scroll of blinking, it crumbles to dust.
You feel yourself speed up.
Kirke gestures wildly while chanting.
Kirke summons a manticore!
There is a stone staircase leading up here.
The manticore flicks its tail.
The volley of spikes hits you!
The barbed spikes become lodged in your body.
You die...

# ###.....P# ### #P
.#P#......###.#
..P..............##
..........÷......##
.......#..÷>†H....#
..........÷÷.....##
.......##...@...##
#....P...........####
................h...#
....................##
....................P#
....................P#
##.###..............##
### ###......)......#
##.............#
#.............##
#.............#


You could see Kirke (invisible) and a manticore.

Vanquished Creatures
  Gastronok (Lair:1)
  Fannar (Lair:1)
  2 hydras
  2 hill giants (D:10)
  An ugly thing (D:9)
  3 black mambas
  8 spiny frogs
  14 elephants (Lair:4)
  2 komodo dragons
  The ghost of Clownie the Covert, a novice FeMo (D:7)
  A two-headed ogre (D:8)
  2 fire drakes
  Grinder (D:6)
  Prince Ribbit (D:6)
  5 blink frogs (Lair:2)
  Sigmund (D:2)
  2 wyverns (D:8)
  A wraith (D:10)
  4 hogs (Lair:4)
  21 yaks
  A hungry ghost (D:9)
  3 hippogriffs
  A steam dragon (D:10)
  11 water moccasins
  4 orc warriors
  4 porcupines
  A black bear (D:8)
  15 ice beasts
  2 sky beasts (D:9)
  4 ogres
  An eye of draining (D:10)
  A phantom (D:8)
  3 necrophages
  9 crocodiles
  A centaur (D:9)
  13 giant frogs
  7 killer bees
  2 scorpions
  7 jellies
  A wight (D:9)
  3 crimson imps
  A centaur skeleton (D:4)
  3 orc wizards
  6 hounds
  3 giant frog skeletons
  Crazy Yiuf (D:7)
  Ijyb (D:2)
  4 orc priests
  8 iguanas
  6 worker ants
  2 killer bee zombies
  A worker ant zombie (D:7)
  Robin (D:2)
  11 adders
  3 gnolls (D:7)
  32 river rats
  3 shadow imps
  3 oozes
  An adder skeleton (D:9)
  4 worms
  6 giant geckos
  32 orcs
  5 bats
  3 giant cockroaches
  20 goblins
  10 hobgoblins
  17 jackals
  3 quokkas
  A ball python (D:3)
  A giant gecko skeleton (D:6)
  A giant gecko zombie (D:7)
  7 giant newts
  7 kobolds
  A quokka zombie (D:5)
  9 rats
  A butterfly (D:2)
386 creatures vanquished.

Vanquished Creatures (others)
  9 fungi
  3 plants
12 creatures vanquished.

Grand Total: 398 creatures vanquished

Notes
Turn   | Place    | Note
--------------------------------------------------------------
     0 | D:1      | Kloppie the Minotaur Fighter began the quest for the Orb.
     0 | D:1      | Reached XP level 1. HP: 19/19 MP: 0/0
   192 | D:1      | Reached skill level 4 in Shields
   240 | D:1      | Reached XP level 2. HP: 26/26 MP: 1/1
   359 | D:1      | Found a shattered altar of Ashenzari.
   784 | D:1      | Reached XP level 3. HP: 28/31 MP: 2/2
  1155 | D:2      | Found a faded altar to an unknown god.
  1243 | D:2      | Found an opulent altar of Gozag.
  1273 | D:2      | Reached skill level 5 in Shields
  1308 | D:2      | Reached XP level 4. HP: 35/39 MP: 3/3
  1309 | D:2      | Noticed Ijyb
  1320 | D:2      | Killed Ijyb
  1432 | D:2      | Found a shimmering altar of Xom.
  1458 | D:2      | Noticed Robin
  1481 | D:2      | Killed Robin
  1526 | D:2      | Reached XP level 5. HP: 42/45 MP: 4/4
  1681 | D:2      | Noticed Sigmund
  1704 | D:2      | Killed Sigmund
  1704 | D:2      | Reached skill level 5 in Maces & Flails
  1704 | D:2      | Reached skill level 6 in Shields
  1704 | D:2      | Reached XP level 6. HP: 23/51 MP: 5/5
  3438 | D:4      | Reached skill level 7 in Shields
  3666 | D:4      | Reached XP level 7. HP: 57/57 MP: 6/6
  3776 | D:5      | Entered Level 5 of the Dungeon
  3785 | D:5      | Found a shattered altar of Ashenzari.
  3787 | D:5      | Found a bloodstained altar of Trog.
  3789 | D:5      | Found a burning altar of Makhleb.
  3789 | D:5      | Found a blossoming altar of Fedhas.
  3789 | D:5      | Found a glowing silver altar of Zin.
  3789 | D:5      | Found a glowing golden altar of the Shining One.
  3802 | D:5      | Became a worshipper of the Shining One
  3982 | D:5      | Reached skill level 8 in Shields
  4788 | D:6      | Reached XP level 8. HP: 60/64 MP: 7/7
  4904 | D:6      | Noticed Prince Ribbit
  4921 | D:6      | Killed Prince Ribbit
  4921 | D:6      | Reached skill level 9 in Shields
  5027 | D:6      | Found a stormy altar of Qazlal.
  5083 | D:6      | Found a staircase to the Ecumenical Temple.
  5115 | D:6      | Noticed Grinder
  5134 | D:6      | Killed Grinder
  5455 | D:6      | Reached skill level 10 in Shields
  5926 | D:7      | Reached skill level 10 in Maces & Flails
  6004 | D:7      | Reached XP level 9. HP: 54/70 MP: 8/8
  6062 | D:7      | Noticed Clownie's ghost (novice FeMo)
  6062 | D:7      | Reached * piety under the Shining One
  6718 | D:7      | Reached skill level 11 in Shields
  7203 | D:8      | Found a shattered altar of Ashenzari.
  7239 | D:8      | Found a deep blue altar of Sif Muna.
  7380 | D:8      | Found a shadowy altar of Dithmenos.
  7385 | D:8      | Reached skill level 12 in Shields
  7546 | D:9      | Reached skill level 5 in Fighting
  7613 | D:9      | Found a bloodstained altar of Trog.
  7652 | D:9      | Noticed a green ugly thing
  7663 | D:9      | Killed a green ugly thing
  7663 | D:9      | Reached XP level 10. HP: 48/83 MP: 9/9
  7978 | D:9      | Found a staircase to the Orcish Mines.
  8020 | D:9      | Reached ** piety under the Shining One
  8632 | D:10     | Entered Level 10 of the Dungeon
  8677 | D:10     | Reached skill level 13 in Shields
  8994 | D:10     | Found a staircase to the Lair.
  9133 | D:10     | Noticed a hill giant
  9141 | D:10     | Killed a hill giant
  9933 | Lair:1   | Entered Level 1 of the Lair of Beasts
  9934 | Lair:1   | Noticed Fannar
 10177 | D:10     | Noticed a hill giant
 10182 | D:10     | Killed a hill giant
 10583 | Lair:1   | Killed Fannar
 10583 | Lair:1   | Reached skill level 14 in Shields
 10913 | Lair:1   | Reached XP level 11. HP: 97/99 MP: 10/10
 11173 | Lair:1   | Reached *** piety under the Shining One
 11187 | Lair:1   | Reached skill level 10 in Fighting
 11241 | Lair:1   | Noticed Gastronok
 11250 | Lair:1   | Noticed a black mamba
 11256 | Lair:1   | Killed a black mamba
 12170 | D:7      | Killed Clownie's ghost
 12409 | D:7      | Noticed Crazy Yiuf
 12413 | D:7      | Killed Crazy Yiuf
 12821 | Lair:1   | Killed Gastronok
 12821 | Lair:1   | Reached skill level 15 in Shields
 13415 | Lair:2   | Reached skill level 5 in Armour
 13475 | Lair:2   | Noticed an eight-headed hydra
 13480 | Lair:2   | Killed an eight-headed hydra
 13860 | Lair:2   | Reached XP level 12. HP: 92/112 MP: 11/11
 14788 | Lair:3   | Got an encrusted scale mail
 14790 | Lair:3   | Identified the +5 scale mail of Amorality {rN+++ MP+9 Int-3 Dex-2} (You found it on level 3 of the Lair of Beasts)
 14883 | Lair:3   | Noticed a five-headed hydra
 14891 | Lair:3   | Killed a five-headed hydra
 15175 | Lair:3   | Found a staircase to the Shoals.
 15751 | Lair:4   | Reached **** piety under the Shining One
 15874 | Lair:4   | The Shining One protects you from harm!
 16095 | Lair:4   | Reached skill level 15 in Maces & Flails
 16169 | Lair:4   | Found a frozen archway.
 16216 | IceCv    | Entered an ice cave
 16216 | IceCv    | Noticed Clownie's ghost (journeyman FoFi)
 16244 | Lair:4   | Reached XP level 13. HP: 59/117 MP: 12/12
 17068 | Lair:5   | Noticed Kirke
 17092 | Lair:4   | Reached skill level 16 in Maces & Flails
 17340 | Lair:5   | HP: 5/117 [manticore[Kirke] (11)]
 17344 | Lair:4   | Killed from afar by a manticore

Action                   |  1- 3 |  4- 6 |  7- 9 | 10-12 | 13-15 || total
-------------------------+-------+-------+-------+-------+-------++-------
Melee: Flail             |    79 |   178 |    99 |       |       ||   356
       Morningstar       |       |       |   184 |   693 |    60 ||   937
  Use: Scroll            |       |       |    13 |    14 |     1 ||    28
       Potion            |       |       |     2 |     6 |       ||     8
  Eat: Chunk             |     1 |     8 |    12 |    21 |     2 ||    44
       Fruit             |       |       |     1 |     4 |     1 ||     6
       Beef jerky        |       |       |       |     3 |     1 ||     4
